 Dungeon Crawl Stone Soup version 0.29.1-1-gd02db6906a (webtiles) character file.

Game seed: 15118139780285571760

4 bwicke the Insei (level 1, -1/15 HPs)
             Began as a Demigod Transmuter on Sept 19, 2022.
             Slain by a jackal (3 damage)
             ... on level 1 of the Dungeon.
             The game lasted 00:00:34 (146 turns).

bwicke the Insei (Demigod Transmuter)                Turns: 146, Time: 00:00:34

Health: -1/15      AC:  2    Str: 11    XL:     1   Next: 46%
Magic:  5/5        EV: 12    Int: 15    God:
Gold:   35         SH:  0    Dex: 14    Spells: 2/3 levels left

rFire   . . .      SeeInvis .     - Unarmed
rCold   . . .      Faith    .   (no shield)
rNeg    . . .      Spirit   .   a - +0 robe
rPois   .          Reflect  .   (helmet currently unavailable)
rElec   .          Harm     .   (no cloak)
rCorr   .          Rampage  .   (no gloves)
Will    .....                   (boots currently unavailable)
Stlth   +.........              (no amulet)
HPRegen 0.05/turn               (no ring)
MPRegen 0.09/turn               (no ring)

@: appendages (expiring)
A: horns 2, talons 2, high MP 1, forlorn, divine attributes
a: End Transformation


You were on level 1 of the Dungeon.
You had temporarily grown beastly horns and talons.
You visited 1 branch of the dungeon, and saw 1 of its levels.

You collected 35 gold pieces.

Inventory:

Hand Weapons
 g - a +0 war axe
Armour
 a - a +0 robe (worn)
Scrolls
 c - a scroll of brand weapon {unknown}
 d - a scroll of identify {unknown}
 e - 2 scrolls of immolation
Potions
 b - a potion of lignification
 f - a potion of might {unknown}


   Skills:
 - Level 0.8 Fighting
 - Level 1.7 Dodging
 + Level 3.0 Unarmed Combat
 - Level 1.7 Spellcasting
 - Level 1.7 Transmutations


You had 2 spell levels left.
You knew the following spells:

 Your Spells              Type           Power      Damage    Failure   Level
a - Beastly Appendage     Tmut           12%        N/A       11%         1

Your spell library contained the following spells:

 Spells                   Type           Power      Damage    Failure   Level
 Wereblood                Tmut           6%         N/A       17%         2
 Spider Form              Tmut/Pois      3%         N/A       43%         3
 Ice Form                 Ice/Tmut       3%         N/A       85%         4


Dungeon Overview and Level Annotations

Branches:
Dungeon (1/15)


Innate Abilities, Weirdness & Mutations

You have temporarily grown beastly horns and talons.
You have an increased reservoir of magic. (+10% MP)
You shall have no god before yourself.
Your divine heritage dramatically boosts your attributes as you level up.


Message History

a +0 club; a goblin corpse You hit the jackal but do no damage.
The jackal bites you.
You hit the jackal. You claw the jackal.
You kill the jackal!
Your Unarmed Combat skill increases to level 3!
You barely miss the jackal. You claw the jackal.
The jackal is heavily wounded.
Your transformation is almost over.
The jackal barely misses you. The jackal closely misses you.
You closely miss the jackal.
The jackal is heavily wounded.
The jackal closely misses you.
You miss the jackal. Your kick misses the jackal.
The jackal is heavily wounded.
The jackal misses you.
You hit the jackal but do no damage.
The jackal is heavily wounded.
The jackal barely misses you.
The jackal bites you but does no damage.
You barely miss the jackal.
The jackal is heavily wounded.
The jackal closely misses you.
You closely miss the jackal. Your headbutt misses the jackal.
The jackal is heavily wounded.
The jackal barely misses you. The jackal bites you.
You hit the jackal but do no damage. Your kick misses the jackal.
The jackal is heavily wounded.
The jackal bites you.
You hit the jackal but do no damage.
The jackal is heavily wounded.
The jackal bites you.
You hit the jackal but do no damage.
The jackal is heavily wounded.
The jackal bites you.
You miss the jackal.
The jackal is heavily wounded.
The jackal bites you. x2
* * * LOW HITPOINT WARNING * * *
The jackal attacks as you move away! The jackal bites you.
You die...

...# #..# #..#
######..# #
#.......###
#..####.#####...#
#.......# ###.#
##.###..# #.# ##
#..# #@# ...
#..## #h#
#.#####...# #.#
........#.# #.#
.....####.# #.#
..#..# #.# #.#
..#..# #.# #.#
.#...# #.# #.#
.....# #.#


You could see a jackal.

Vanquished Creatures
  2 goblins (D:1)
  A jackal (D:1)
  A rat (D:1)
4 creatures vanquished.

Notes
Turn   | Place    | Note
-------+----------+-------------------------------------------
     0 | D:1      | bwicke the Demigod Transmuter began the quest for the Orb.
     0 | D:1      | Reached XP level 1. HP: 15/15 MP: 5/5
   136 | D:1      | Reached skill level 3 in Unarmed Combat
   146 | D:1      | Slain by a jackal

Illustrated notes

Levels and vault maps discovered:
D:1:      beargit_arrival_diablo_church, layout_loops_ring,
          hellmonk_ecumenical_altar_blasted

Skill      XL: |  1 |
---------------+----+-----
Unarmed Combat | 3 |  3.0
Fighting       | |  0.8
Dodging        | |  1.7
Spellcasting   | |  1.7
Transmutations | |  1.7

Action                   || total
-------------------------++-------
Melee: Unarmed           ||    17
       Kick              ||     4
       Headbutt          ||     1
 Cast: Beastly Appendage ||     2
Armor: Robe              ||     2
Dodge: Dodged            ||     9
